 Dungeon Sprint DCSS version 0.24-a0-243-g8f5f5cd (webtiles) character file.

Game seed: 17505794638681451307

57 MikeHunt the Slasher (level 4, -3/42 HPs)
             Began as a Naga Fighter on Apr 10, 2019.
             Was an Initiate of Gozag.
             Killed from afar by an oklob sapling priest (11 damage)
             ... with a splash of acid
             ... in the Dungeon (Sprint IV: "Fedhas' Mad Dash").
             The game lasted 00:00:57 (352 turns).

MikeHunt the Slasher (Naga Fighter)                  Turns: 352, Time: 00:00:57

Health: -3/42      AC:  0    Str: 18    XL:     4   Next: 0%
Magic:  3/4        EV:  6    Int:  8    God:    Gozag
Gold:   60         SH:  9    Dex: 12    Spells: 3/3 levels left

rFire    . . .     SeeInvis +   a - +0 long sword
rCold    . . .     Gourm    .   c - +0 shield
rNeg     . . .     Faith    .   b - +0 scale mail
rPois    +         Spirit   .   (no helmet)
rElec    .         Reflect  .   (no cloak)
rCorr    .         Harm     .   (no gloves)
MR       .....     NoTele   +   (no barding)
Stlth    ..........             n - amulet of invisibility {+Inv}
HPRegen  0.14/turn              (no ring)
MPRegen  0.09/turn              (no ring)

@: corroded, very slightly contaminated, very slow
A: large, see invisible, deformed body, poison resistance, slowness 2, slow
metabolism 1, spit poison 1, AC +1
a: Spit Poison, Potion Petition, Call Merchant, Bribe Branch, Renounce Religion,
Evoke Invisibility


You were in the Dungeon.
You worshipped Gozag.
Gozag was noncommittal.
You were not hungry.

You visited 1 branch You collected 60 gold pieces.

Inventory:

Hand Weapons
 a - a +0 long sword (weapon)
Armour
 b - a +0 scale mail (worn)
 c - a +0 shield (worn)
Jewellery
 n - the amulet of invisibility (around neck) {+Inv}
   (You found it in the Dungeon)

   [amulet of nothing]

   It lets you turn invisible.
Scrolls
 k - a scroll of blinking
 m - a scroll of remove curse {unknown}
Potions
 d - a potion of might
 e - a potion of curing
 g - a potion of heal wounds
 h - a potion of haste
 i - 2 potions of magic
 j - a potion of flight {unknown}
Comestibles
 f - a ration


   Skills:
 - Level 3.0 Fighting
 + Level 5.5 Long Blades
 - Level 2.4 Armour
 + Level 5.0 Shields


You had 3 spell levels left.
You didn't know any spells.
Your spell library was empty.

Dungeon Overview and Level Annotations

Branches:
Dungeon (1/1)

Altars:
Cheibriados
Dithmenos
Elyvilon
Gozag
Hepliaklqana
Kikubaaqudgha
Makhleb
Nemelex Xobeh
Okawaru
Qazlal
Ru
Sif Muna
Trog
Uskayaw
Vehumet
Wu Jian
Xom
Yredelemnul
Zin
The Shining One
Beogh
Jiyva
Lugonu

Annotations:
D exclusion: oklob sapling


Innate Abilities, Weirdness & Mutations

You cannot wear boots.
Your serpentine skin is tough. (AC +1)
You have supernaturally acute eyesight. (SInv)
Armour fits poorly on your strangely shaped body.
Your system is resistant to poisons. (rPois)
You cover ground very slowly.
You have a slow metabolism.
You can spit poison.


Message History

There is a burning altar of Makhleb here.
There is a sparkling altar of Nemelex Xobeh here.
You completely miss the oklob sapling priest.
You hit the oklob sapling priest but do no damage.
You slash the oklob sapling priest!
The oklob sapling priest is moderately damaged.
You flicker back into view.
You slash the oklob sapling priest!
The oklob sapling priest is severely damaged.
The oklob sapling priest calls down the wrath of its god upon you.
Something smites you!
You hit the oklob sapling priest.
The oklob sapling priest is almost destroyed.
The oklob sapling priest spits acid at you.
The splash of acid hits you! The acid corrodes you!
You are splashed with acid!
* * * LOW HITPOINT WARNING * * *
The oklob sapling priest spits acid at you.
The splash of acid hits you!
You die...
Your body crumbles into a pile of gold.

########################
....#.....#.⌠._._._._.⌠.
$
....'.#...'.._._._._._..
$ $
....#.#...#..._.@P_._...
########+##.._._._._._..
$ $ #._._._._._.⌠. $
$############## $ $$ $


You could see an oklob sapling priest.

Vanquished Creatures
  An oklob sapling (D)
  A worker ant (D)
  A river rat (D)
  A rat (D)
4 creatures vanquished.

Notes
Turn   | Place    | Note
-------+----------+-------------------------------------------
     0 | D        | MikeHunt the Naga Fighter began the quest for the Orb.
     0 | D        | Reached XP level 1. HP: 21/21 MP: 1/1
     7 | D        | Reached XP level 2. HP: 28/28 MP: 2/2
    51 | D        | Noticed an oklob sapling
    54 | D        | Killed an oklob sapling
    54 | D        | Reached XP level 3. HP: 6/34 MP: 3/3
    57 | D        | Found the amulet of invisibility {+Inv}
    58 | D        | HP: 1/51 [worker ant (4)]
    59 | D        | Reached skill level 5 in Long Blades
    59 | D        | Reached skill level 5 in Shields
    59 | D        | Reached XP level 4. HP: 1/42 MP: 4/4
   339 | D        | Found an opulent altar of Gozag.
   339 | D        | Found a hazy altar of Hepliaklqana.
   339 | D        | Found a roughly hewn altar of Beogh.
   339 | D        | Found a snail-covered altar of Cheibriados.
   340 | D        | Found a viscous altar of Jiyva.
   340 | D        | Found a burning altar of Makhleb.
   340 | D        | Found a sparkling altar of Nemelex Xobeh.
   340 | D        | Found a sacrificial altar of Ru.
   340 | D        | Found a deep blue altar of Sif Muna.
   340 | D        | Found a bloodstained altar of Trog.
   340 | D        | Found an ornate altar of the Wu Jian Council.
   340 | D        | Found a shimmering altar of Xom.
   340 | D        | Found a basalt altar of Yredelemnul.
   340 | D        | Noticed an oklob sapling priest
   341 | D        | Found an iron altar of Okawaru.
   341 | D        | Found a shadowy altar of Dithmenos.
   341 | D        | Found a glowing silver altar of Zin.
   342 | D        | Found an ancient bone altar of Kikubaaqudgha.
   342 | D        | Found a hide-covered altar of Uskayaw.
   343 | D        | Found a stormy altar of Qazlal.
   343 | D        | Found a white marble altar of Elyvilon.
   343 | D        | Found a glowing golden altar of the Shining One.
   344 | D        | Became a worshipper of Gozag Ym Sagoz the Greedy
   345 | D        | Found a radiant altar of Vehumet.
   345 | D        | Found a corrupted altar of Lugonu.
   352 | D        | Killed from afar by an oklob sapling priest

Levels and vault maps discovered:
D:        dungeon_sprint_fedhas [sprint_temple]

Skill      XL: |  1  2  3 |
---------------+----------+-----
Long Blades    | 3 4 5 |  5.5
Shields        | 3 4 5 |  5.0
Fighting       | |  3.0
Armour         | |  2.4

Action                   |  1- 3 |  4- 6 || total
-------------------------+-------+-------++-------
Melee: Long sword        |    10 |     5 ||    15
 Abil: Spit Poison       |     1 |       ||     1
       Evoke Invisibilit |       |     1 ||     1
  Use: Potion            |     1 |       ||     1
Dodge: Dodged            |     2 |       ||     2
Block: Shield            |     1 |       ||     1

Table legend:
 A = Non-vault XP
 B = Vault XP
 C = Vault XP percentage of total XP
 D = Non-vault monster count
 E = Vault monster count
 F = Vault count percentage of total count
                 A         B        C        D         E       F
            +---------+---------+-------+---------+---------+-------
      Total |       0 |      82 | 100.0 |       0 |       4 | 100.0
            +---------+---------+-------+---------+---------+-------
          D |       0 |      82 | 100.0 |       0 |       4 | 100.0
            +---------+---------+-------+---------+---------+-------
